 Seeded DCSS version 0.30-a0-347-gf58ed5266c (webtiles) character file.

Game seed: 20221031 (custom seed)

185 a11behringer the Chopper (level 5, -7/45 HPs)
             Began as a Draconian Reaver on Nov 5, 2022.
             Was an Initiate of Gozag.
             Mangled by an iguana (9 damage)
             ... on level 4 of the Dungeon.
             The game lasted 00:07:07 (2794 turns).

a11behringer the Chopper (Draconian Reaver)         Turns: 2794, Time: 00:07:09

Health: -7/45      AC:  6    Str: 14    XL:     5   Next: 37%
Magic:  8/9        EV: 11    Int: 15    God:    Gozag
Gold:   170        SH:  4    Dex: 10    Spells: 6/9 levels left

rFire   . . .      SeeInvis .    a - +1 hand axe
rCold   . . .      Faith    .    c - +1 buckler {reflect}
rNeg    . . .      Spirit   .    (body armour unavailable)
rPois   .          Reflect  +    (helmet restricted)
rElec   .          Harm     .    k - +0 cloak
rCorr   .          Rampage  .    (no gloves)
Will    .....                    (no boots)
Stlth   +.........               (no amulet)
HPRegen 0.27/turn                d - ring of flight
MPRegen 0.11/turn                (no ring)

@: flying
A: AC +5, unfitting armour, cold-blooded
a: Renounce Religion, Potion Petition, Call Merchant, Bribe Branch


You were on level 4 of the Dungeon.
You worshipped Gozag.
Gozag was aware of your devotion.
You visited 1 branch of the dungeon, and saw 4 of its levels.

You collected 202 gold pieces.
You paid 32 gold pieces to Gozag.

Inventory:

Hand Weapons
 a - a +1 hand axe (weapon)
Armour
 c - a +1 buckler of reflection (worn)
 k - a +0 cloak (worn)
Jewellery
 d - a ring of flight (left hand)
Scrolls
 g - 2 scrolls of immolation
 h - a scroll of identify {unknown}
 l - a scroll of magic mapping {unknown}
Potions
 b - a potion of cancellation {unknown}
 e - a potion of flight {unknown}
 f - a potion of curing {unknown}
 i - a potion of brilliance {unknown}
 j - a potion of attraction {unknown}


   Skills:
 + Level 3.0 Fighting
 * Level 4.0 Axes
 + Level 2.5 Dodging
 + Level 1.2 Stealth
 + Level 0.7 Shields
 + Level 2.7 Spellcasting
 + Level 3.6 Conjurations


You had 6 spell levels left.
You knew the following spells:

 Your Spells              Type           Power      Damage    Failure   Level
a - Kiss of Death         Conj/Necr      28%        2d7       14%         1
b - Momentum Strike       Conj/Tloc      14%        3d8       21%         2

Your spell library contained the following spells:

 Spells                   Type           Power      Damage    Failure   Level
 Cigotuvi's Dreadful Rot  Necr/Pois/Air  4%         N/A       38%         2
 Hailstorm                Conj/Ice       7%         3d4       38%         3
 Dispel Undead            Necr           2%         3d7       95%         4
 Death Channel            Necr           1%         N/A       100%        6


Dungeon Overview and Level Annotations

Branches:
Dungeon (4/15)
 Temple: D:4-7

Altars:
Elyvilon
Gozag
Hepliaklqana
Makhleb
Okawaru
Wu Jian


Innate Abilities, Weirdness & Mutations

Your plain brown scales are hard. (AC +5)
You cannot fit into any form of body armour.
You are cold-blooded and may be slowed by cold attacks.


Message History

The hound bites you. The hound barely misses you.
You closely miss the hound.
The hound is almost dead.
The hound pauses to sniff the ground.
The hound bites you. The hound closely misses you.
You closely miss the hound.
The hound is almost dead.
The hound bites you. You block the hound's attack.
You hit the hound.
You kill the hound!
Your Fighting skill increases to level 3!
Your Axes skill increases to level 4!
You barely miss the iguana.
You tail-slap the iguana, but do no damage.
The iguana is lightly wounded.
The iguana bites you. The iguana bites you!
* * * LOW HITPOINT WARNING * * *
You hit the iguana.
Your tail-slap misses the iguana.
The iguana is lightly wounded.
You block the iguana's attack.
You hit the iguana.
The iguana is moderately wounded.
The iguana bites you but does no damage.
You hit the iguana but do no damage.
You tail-slap the iguana, but do no damage.
The iguana is moderately wounded.
The iguana barely misses you.
You hit the iguana but do no damage.
The iguana is moderately wounded.
The iguana bites you but does no damage.
You hit the iguana.
The iguana is moderately wounded.
The iguana barely misses you.
You hit the iguana.
The iguana is heavily wounded.
The iguana bites you!
* * * LOW HITPOINT WARNING * * *
The iguana bites you!
You die...
Your body crumbles into a pile of gold.

## .. .# ...
##.# .... #..
##.. #.##... #
#@#..# .#
.$#####l#.#
#.#
.......w..#...
.....#..>.#.#
..## #......#
.####..$$.##
..........###
.###.......(#
#...$.......


You could see a worm and an iguana.

Vanquished Creatures
  A hound (D:4)
  A gnoll (D:3)
  6 adders
  An ufetubus (D:2)
  A worm (D:2)
  A dart slug (D:3)
  2 orcs (D:3)
  9 endoplasms
  4 giant cockroaches
  5 goblins
  6 hobgoblins
  8 jackals
  11 kobolds
  4 quokkas
  3 ball pythons (D:1)
  3 bats
  5 frilled lizards
  4 rats
75 creatures vanquished.

Notes
Turn   | Place    | Note
-------+----------+-------------------------------------------
     0 | D:1      | a11behringer the Draconian Reaver began the quest for the
                  | Orb.
     0 | D:1      | Reached XP level 1. HP: 17/17 MP: 3/3
   127 | D:1      | Reached XP level 2. HP: 22/25 MP: 5/5
   705 | D:1      | Reached XP level 3. HP: 23/30 MP: 6/6
  1348 | D:2      | Reached XP level 4. HP: 29/37 MP: 7/7
  1827 | D:2      | Identified a scroll of acquirement
  1827 | D:2      | Acquired a +1 buckler of reflection
  1988 | D:3      | Found a hazy altar of Hepliaklqana.
  2102 | D:3      | Found a burning altar of Makhleb.
  2102 | D:3      | Found an ornate altar of the Wu Jian Council.
  2167 | D:3      | Found an opulent altar of Gozag.
  2180 | D:3      | Became a worshipper of Gozag Ym Sagoz the Greedy
  2212 | D:3      | Found a white marble altar of Elyvilon.
  2251 | D:3      | Found an iron altar of Okawaru.
  2264 | D:3      | Reached skill level 1 in Stealth
  2402 | D:3      | Found Kyotut's Distillery.
  2485 | D:3      | Reached XP level 5. HP: 31/44 MP: 8/8
  2580 | D:3      | Learned a level 2 spell: Momentum Strike
  2788 | D:4      | Reached skill level 4 in Axes
  2794 | D:4      | HP: 2/45 [iguana (7)]
  2794 | D:4      | Mangled by an iguana

Illustrated notes

Levels and vault maps discovered:
D:1:      scummos_arrival_simple_fountains, layout_basic
D:2:      layout_loops_ring
D:3:      layout_rooms, nicolae_gozag_cash_rules_everything_around_me,
          amethyst_overflow_temple_binary, okawaru_altar_gauntlet_db,
          mainiacjoe_overflow_small_starburst,
          mainiacjoe_overflow_cross_hatched, serial_shops, shop,
          hangedman_decor_peaks_small, nicolae_titane
D:4:      layout_rooms, enter_ossuary_3

Skill      XL: |  1  2  3  4  5 |
---------------+----------------+-----
Dodging        | 2 |  2.5
Stealth        | 1 |  1.2
Fighting       | 3 |  3.0
Axes           | 4 |  4.0
Shields        | |  0.7
Spellcasting   | |  2.7
Conjurations   | |  3.6

Action                   |  1- 3 |  4- 6 || total
-------------------------+-------+-------++-------
Melee: Hand axe          |   134 |   105 ||   239
       Tailslap          |     6 |    17 ||    23
  Use: Scroll            |     4 |     2 ||     6
 Stab: Sleeping          |       |     3 ||     3
       Distracted        |       |     1 ||     1
Armor: Skin              |    50 |    49 ||    99
Dodge: Dodged            |   120 |    71 ||   191
Block: Buckler           |       |    14 ||    14

Table legend: (Time is in decaauts)
 A = Elapsed time spent in this place.
 B = Non-inter-level travel time spent in this place.
 C = Inter-level travel time spent in this place.
 D = Time resting spent in this place.
 E = Time spent auto-exploring this place.
 F = Levels seen in this place.
 G = Mean time per level.
                   A        B        C        D        E       F      G
               +--------+--------+--------+--------+--------+-----+--------+
         Total |   2829 |   2700 |    129 |      0 |   2156 |   4 |  707.2 |
       Dungeon |   2829 |   2700 |    129 |      0 |   2156 |   4 |  707.2 |
               +--------+--------+--------+--------+--------+-----+--------+

Top non-repeatable levels by time:
     D:1: 1069 daAuts
     D:2: 944 daAuts
     D:3: 769 daAuts
     D:4: 45 daAuts
